 Dungeon Crawl Stone Soup version 0.30-a0-5-g3a90980b9d (webtiles) character file.

Game seed: 16048571023189780482

4 Nedwor the Ducker (level 1, 16/16 HPs)
             Began as a Demonspawn Gladiator on Aug 22, 2022.
             Quit the game on level 1 of the Dungeon.
             The game lasted 00:00:49 (170 turns).

Nedwor the Ducker (Demonspawn Gladiator)             Turns: 170, Time: 00:00:50

Health: 16/16      AC:  4    Str: 14    XL:     1   Next: 58%
Magic:  1/1        EV:  8    Int:  9    God:
Gold:   0          SH: 10    Dex: 14    Spells: 0/0 levels left

rFire   . . .      SeeInvis .    a - +0 rapier
rCold   . . .      Faith    .    i - +0 tower shield
rNeg    . . .      Spirit   .    b - +0 leather armour
rPois   .          Reflect  .    c - +0 helmet
rElec   .          Harm     .    (no cloak)
rCorr   .          Rampage  .    (no gloves)
Will    .....      Rage     3%   (no boots)
Stlth   +.........               (no amulet)
HPRegen 0.05/turn                (no ring)
MPRegen 0.07/turn                (no ring)

@: no status effects
A: berserk 1, inability to drink after injury 1
a: no special abilities


You were on level 1 of the Dungeon.
You visited 1 branch of the dungeon, and saw 1 of its levels.

Inventory:

Hand Weapons
 a - a +0 rapier (weapon)
Missiles
 d - 3 throwing nets (quivered)
 e - a javelin
Armour
 b - a +0 leather armour (worn)
 c - a +0 helmet (worn)
 i - a +0 tower shield (worn)
Potions
 h - a potion of magic {unknown}


   Skills:
 + Level 2.1 Fighting
 + Level 2.7 Short Blades
 - Level 1.7 Throwing
 + Level 0.2 Armour
 + Level 2.8 Dodging


You couldn't memorise any spells.
You didn't know any spells.
Your spell library contained the following spells:

 Spells                   Type           Power      Damage    Failure   Level
 Static Discharge         Conj/Air       0%         3-3/arc   100%        2
 Lightning Bolt           Conj/Air       0%         1d11      100%        5
 Maxwell's Capacitive Co  Air            0%         ∞         100%        8


Dungeon Overview and Level Annotations

Branches:
Dungeon (1/15)

Altars:


Innate Abilities, Weirdness & Mutations

You sometimes lose your temper in combat.
You occasionally lose the ability to drink potions when taking damage.


Message History

The hobgoblin misses you.
You hit the hobgoblin but do no damage.
The hobgoblin is almost dead.
The hobgoblin hits you but does no damage.
You barely miss the hobgoblin.
The hobgoblin is almost dead.
The hobgoblin hits you but does no damage.
You barely miss the hobgoblin.
The hobgoblin is almost dead.
The hobgoblin hits you but does no damage.
You hit the hobgoblin.
You kill the hobgoblin!
The ball python barely misses you. The ball python closely misses you.
You hit the ball python.
The ball python is moderately wounded.
The ball python bites you but does no damage.
The ball python grabs you. The ball python constricts you.
You hit the ball python.
You kill the ball python!
You see here a ball python corpse.
You see here a ball python corpse.
You start putting on your armour.
You continue putting on your +0 tower shield. x4
You finish putting on your +0 tower shield.
As you read the scroll labelled KONKIM HAUSCHUL, it crumbles to dust.
It is a scroll of identify.
g - a potion of mutation You see here a ball python corpse.
A ball python comes into view.
The ball python hisses angrily.
You hit the ball python.
You kill the ball python!
No target in view!
No target in view!
No target in view!
No target in view!
You feel extremely strange.
You feel a little pissed off.
You occasionally lose the ability to drink potions when taking damage.
Are you sure you want to abandon this character and quit the game? (Confirm with "yes".)

. .# . ##.# . # #..#
. #.#..# ≈ .#..######
. ......... ≈
#†....... .
####@..#.###.#..#..##
#...................
####.#.#.###.#.....##
####.#.#.###........
#..................##
####.#.#.###.#.......
#..................
###..#.#.###.#....###
#....................


There were no monsters in sight!

Vanquished Creatures
  2 ball pythons (D:1)
  A hobgoblin (D:1)
  A bat (D:1)
  A rat (D:1)
5 creatures vanquished.

Notes
Turn   | Place    | Note
-------+----------+-------------------------------------------
     0 | D:1      | Nedwor the Demonspawn Gladiator began the quest for the
                  | Orb.
     0 | D:1      | Reached XP level 1. HP: 16/16 MP: 1/1
   169 | D:1      | Gained mutation: You sometimes lose your temper in combat.
                  | [potion of mutation]
   169 | D:1      | Gained mutation: You occasionally lose the ability to drink
                  | potions when taking damage. [potion of mutation]
   170 | D:1      | Quit the game

Illustrated notes

Levels and vault maps discovered:
D:1:      ebering_trefoil_3fold, layout_basic, shapermc_ecumenical_altar_gd,
          minmay_misc_feat_ornament

Action                   || total
-------------------------++-------
Melee: Rapier            ||    17
  Use: Scroll            ||     1
       Potion            ||     1
Armor: Leather armour    ||     9
Dodge: Dodged            ||    10

Table legend: (Time is in decaauts)
 A = Elapsed time spent in this place.
 B = Non-inter-level travel time spent in this place.
 C = Inter-level travel time spent in this place.
 D = Time resting spent in this place.
 E = Time spent auto-exploring this place.
 F = Levels seen in this place.
 G = Mean time per level.
                   A        B        C        D        E       F      G
               +--------+--------+--------+--------+--------+-----+--------+
         Total |    171 |    171 |      0 |      0 |    113 |   1 |  171.0 |
       Dungeon |    171 |    171 |      0 |      0 |    113 |   1 |  171.0 |
               +--------+--------+--------+--------+--------+-----+--------+

Top non-repeatable levels by time:
     D:1: 171 daAuts
